[Event "Late-Titled-Tuesday-Blitz-August-29-2023"]
[Site "Chess.com"]
[Date "2023.08.29"]
[Round "9"]
[White "jcreyes69"]
[Black "MYMChessAcademy"]
[Result "1-0"]
[WhiteElo "2357"]
[BlackElo "2234"]
[TimeControl "180+1"]
[EndTime "15:43:37 PDT"]
[Termination "jcreyes69 won by checkmate"]

1. e4 c5 2. Nf3 d6 3. c3 Nf6 4. h3 g6 5. Bd3 Bg7 6. O-O O-O 7.
Bc2 e5 8. d4 cxd4 9. cxd4 Nc6 10. Nc3 a6 11. Be3 Nd7 12. d5 Ne7 13. Nd2 f5 14. f3 f4 15. Bf2 g5 16. Nc4 Nf6 17.
a4 h5 18. Bb6 Qe8 19. Nxd6 Qg6 20. Nxc8 Nxc8 21. Bc5 Rd8 22. Qe2 g4 23. fxg4 hxg4 24.
hxg4 Nxg4 25. Rf3 Nd6 26. Rh3 Kf7 27. Bd1 Nf6 28. Bxd6 Rxd6 29. Qd3 Rg8 30. Bf3 Ng4 31. Bxg4 Qxg4 32. Qf3 Bf8 33. Qxg4 Rxg4 34. Kf2 Rdg6 35. Rh2 Bc5+ 36. Kf1 f3 37. gxf3 Rg1+ 38. Ke2 Rxa1 39. Rh7+ Rg7 40. Rh5 Bd4 41. Kd3 Rg3 42. Rf5+ Ke7 43.
Ne2 Rg2 44. Nxd4 Rd1+ 45. Kc3 Rxd4 46. Rxe5+ Kd6 47. Kxd4 Rd2+ 48. Kc3 Rf2 49. Re6+ Kd7 50. Rf6 Re2 51. b4 Re3+ 52. Kc4 Ra3 53. a5 Re3 54. Kc5 Rc3+ 55. Kb6 Rb3 56. Kxb7 Rxb4+ 57. Kxa6 Ra4 58.
Re6 Rb4 59. f4 Rb8 60. f5 Ra8+ 61. Kb5 Rb8+ 62. Rb6 Rc8 63. e5 Rc1 64. f6 Rb1+ 65.
Ka6 Ra1 66. e6+ Ke8 67. Rb8# 1-0

[Event "Late-Titled-Tuesday-Blitz-August-29-2023"]
[Site "Chess.com"]
[Date "2023.08.29"]
[Round "9"]
[White "Akhayan"]
[Black "IMRosen"]
[Result "0-1"]
[WhiteElo "2332"]
[BlackElo "2624"]
[TimeControl "180+1"]
[EndTime "15:43:38 PDT"]
[Termination "IMRosen won by resignation"]

1. e4 c5 2. Nf3 Nc6 3. Nc3 e6 4. d4 cxd4 5. Nxd4 Qc7 6. g3 a6 7.
Bg2 Nf6 8. O-O Nxd4 9. Qxd4 Bc5 10. Bf4 d6 11. Qd2 h6 12. Rad1 e5 13. Be3 Bxe3 14.
Qxe3 Be6 15. h3 Rc8 16. Kh2 O-O 17. f4 b5 18. fxe5 Ne8 19. exd6 Nxd6 20. Nd5 Bxd5 21.
Rxd5 Nc4 22. Qd4 Qb6 23. Qxb6 Nxb6 24. Rd6 Nc4 25. Rxa6 Nxb2 26. Rf2 Rc5 27. Ra7 Nc4 28. Rd7 Ne5 29. Rd5 Rfc8 30. Rxc5 Rxc5 31. Rd2 f6 32. g4 Rc3 33. Rd5 Rxc2 34. Rxb5 Rxa2 35. Rb3 Kh7 36. Rc3 Rd2 37. Ra3 Re2 38. Rb3 Ra2 39. Rc3 Rb2 40. Ra3 Kg6 41. Kg3 h5 42. gxh5+ Kxh5 43.
Ra7 Kh6 44. Ra8 Rb3+ 45. Kh2 Rc3 46. Rb8 Rc2 47. Kg3 Rc3+ 48. Kh2 Kg6 49. Rb2 Nd3 50. Rd2 Nf4 51. Bh1 Kf7 52. e5 fxe5 53. Rf2 Re3 54.
Bd5+ Kf6 55. Bc4 Rxh3+ 56. Kg1 Rc3 57. Bf1 g5 58. Kh2 Rc1 59. Bg2 Rc7 60. Be4 Rc4 61.
Bh7 Rc3 62. Rd2 Rh3+ 63. Kg1 Rxh7 0-1

[Event "Late-Titled-Tuesday-Blitz-August-29-2023"]
[Site "Chess.com"]
[Date "2023.08.29"]
[Round "9"]
[White "HenriL"]
[Black "Zkid"]
[Result "0-1"]
[WhiteElo "2533"]
[BlackElo "2840"]
[TimeControl "180+1"]
[EndTime "15:43:39 PDT"]
[Termination "Zkid won on time"]

1. d4 d5 2. Nf3 Nf6 3. c4 dxc4 4.
e3 e6 5. Bxc4 c5 6. O-O a6 7. a4 b6 8. Nc3 Bb7 9. Ne5 Nbd7 10. Nxd7 Qxd7 11. Qe2 cxd4 12. exd4 Qxd4 13. Be3 Qg4 14. Qxg4 Nxg4 15. Bxb6 Bd6 16. h3 Ne5 17. Be2 O-O 18. Rfd1 Be7 19. a5 Rac8 20. Rd4 Nc6 21. Rd7 Rb8 22. Bf3 Bd8 23. Rxb7 Rxb7 24. Bxc6 Rb8 25.
Na4 Bf6 26. Rd1 Rfc8 27. Be4 Rc4 28. Nc5 Rc8 29. b4 Rxb4 30. Bf3 g6 31. Nxa6 Rb2 32. Nc5 Rxb6 33. axb6 Rxc5 34. b7 Rb5 35. Rc1 Kg7 36. g3 h5 37. Rc8 Be5 38. h4 f5 39. Rd8 Rb2 40. Kf1 Kf6 41. Bc6 Rb6 42. Rc8 Rb1+ 43. Kg2 Rb2 44. Rd8 g5 45. hxg5+ Kxg5 46. Re8 Kf6 47. Rd8 f4 48. gxf4 Bxf4 49. Bf3 h4 50. Rh8 Bg3 51. Kh3 Be5 52. Kg2 Bg3 53. Kh3 Rxf2 54. b8=Q Bxb8 55. Rxb8 Rxf3+ 56. Kxh4 Ke5 57. Kg4 Rd3 58. Rb5+ Kd4 59. Ra5 e5 60. Ra4+ Kd5 0-1

[Event "Late-Titled-Tuesday-Blitz-August-29-2023"]
[Site "Chess.com"]
[Date "2023.08.29"]
[Round "9"]
[White "MikeSailer"]
[Black "GreatOwl02"]
[Result "0-1"]
[WhiteElo "2186"]
[BlackElo "2388"]
[TimeControl "180+1"]
[EndTime "15:43:39 PDT"]
[Termination "GreatOwl02 won on time"]

1. d4 Nf6 2. e3 c5 3. Bd3 e6 4. c3 b6 5. f4 Bb7 6. Nf3 d6 7. O-O Nbd7 8. Nbd2 Be7 9. b3 Nd5 10.
Qe1 Nxc3 11. Bb2 cxd4 12. Nxd4 Nd5 13. e4 Nb4 14. Bb1 Bf6 15. Nc4 Nc5 16. e5 dxe5 17. fxe5 Be7 18. Nb5 O-O 19. Nbd6 Nd5 20. Nxb7 Nxb7 21.
Qe4 g6 22. Rf3 Bc5+ 23. Kh1 Qg5 24. Bc2 Rad8 25. Raf1 Rd7 26. Rg3 Qd8 27. Rh3 Be7 28.
Bc1 Nc5 29. Qe2 Nb4 30. Bb1 a5 31. Bh6 Re8 32. Rhf3 Bf8 33. Bxf8 Rxf8 34. Nd6 Nc6 35. Qf2 Nxe5 36. Rf4 Rxd6 37. Qg3 Rd2 38. Rh4 Qd5 39.
Qh3 h5 40. Rxh5 gxh5 41. Qg3+ Kh8 42. Rg1 Ng6 43. Bxg6 fxg6 44. Qxg6 Rf5 45. Qh6+ Kg8 46. Qg6+ Kf8 47. Qh6+ Ke7 48. Qg7+ Rf7 49. Qg5+ Kd7 50. Qg8 Re7 51. Qb8 Qb7 52. Qf8 Nd3 53. Qf3 Nf2+ 54. Qxf2 Rxf2 0-1

[Event "Late-Titled-Tuesday-Blitz-August-29-2023"]
[Site "Chess.com"]
[Date "2023.08.29"]
[Round "9"]
[White "Fh2411"]
[Black "dosto07"]
[Result "1-0"]
[WhiteElo "2636"]
[BlackElo "2510"]
[TimeControl "180+1"]
[EndTime "15:43:41 PDT"]
[Termination "Fh2411 won on time"]

1. d4 d5 2. c4 dxc4 3. Nf3 Nf6 4.
e3 e6 5. Bxc4 a6 6. a4 c5 7. O-O Nc6 8. Nc3 Be7 9. dxc5 Qc7 10. e4 Bxc5 11. Bg5 Ng4 12. Bh4 Nd4 13. Bg3 Nxf3+ 14. Qxf3 Ne5 15. Qe2 O-O 16. Ba2 f6 17.
Rac1 Qe7 18. Kh1 Bd7 19. f4 Nc6 20. Rfd1 Kh8 21. Bh4 Nd4 22. Qh5 Bc6 23. e5 Nf5 24. Bb1 g6 25. exf6 Nxh4 26. fxe7 Bxe7 27. Qg4 Bxg2+ 28. Qxg2 Nxg2 29. Kxg2 Rxf4 30. Rd7 Bg5 31. Rf1 Rg4+ 32. Kh1 Bf4 33. Ne2 e5 34. Rf7 Rd8 35.
Be4 Rd2 36. Bf3 Rg5 37. b4 Rd8 38.
b5 axb5 39. axb5 b6 40. Bc6 Rf5 41. Rxf5 gxf5 42. Nxf4 exf4 43. Rxf4 Rf8 44. Bd7 Kg7 45. Rxf5 Rd8 46. Bc6 Rd2 47. Rg5+ Kf6 48. Rg2 Rd1+ 49.
Rg1 Rd2 50. h3 h5 51. Rg2 Rd3 52. Kh2 h4 53. Rf2+ Kg5 54. Rb2 Kf4 55. Bg2 Ke5 56. Rb4 1-0

[Event "Late-Titled-Tuesday-Blitz-August-29-2023"]
[Site "Chess.com"]
[Date "2023.08.29"]
[Round "9"]
[White "platy3"]
[Black "EsmeraldasAnderson03"]
[Result "1-0"]
[WhiteElo "2912"]
[BlackElo "2435"]
[TimeControl "180+1"]
[EndTime "15:43:43 PDT"]
[Termination "platy3 won on time"]

1. e4 c5 2. Nf3 d6 3. Bb5+ Bd7 4.
Bxd7+ Qxd7 5. c4 Nf6 6. Nc3 g6 7. O-O Bg7 8. d3 O-O 9. h3 Nc6 10. Bf4 Nh5 11. Be3 e5 12. Nd5 Ne7 13. b4 Nxd5 14.
cxd5 cxb4 15. Qb3 Nf4 16. Rfd1 a5 17. a3 b5 18. axb4 a4 19. Qa2 Rac8 20. d4 Rc4 21. dxe5 dxe5 22. Nd2 Ne2+ 23. Kh2 Nc3 24. Qc2 Nxd1 25.
Nxc4 Rc8 26. Rxd1 Rxc4 27. Qd3 Rxb4 28. d6 Rc4 29. Qd5 Bf8 30. Qxe5 a3 31. Qd5 a2 32. e5 Qc6 33. Qxc6 Rxc6 34. d7 Be7 35.
d8=Q+ Bxd8 36. Rxd8+ Kg7 37. Bd4 Rc4 38. Bb2 Rc2 39.
Ba1 Rc1 40. Bb2 Rb1 41. e6+ Rxb2 42. e7 Re2 43. Ra8 Rxe7 44. Rxa2 Rb7 45. Rb2 b4 46.
Kg3 b3 47. Kf4 Kf6 48. Ke4 Kg5 49. g3 f5+ 50. Ke5 Rb5+ 51. Kd4 f4 52. Ke4 fxg3 53.
fxg3 h5 54. Kf3 Kf5 55. Ke3 Kg5 56. Kf3 h4 57. gxh4+ Kxh4 58. Kg2 Rb8 59. Kh2 Kg5 60. Kg3 Kf5 61. Kf3 Rb7 62. h4 Rb4 63. Kg3 1-0

[Event "Late-Titled-Tuesday-Blitz-August-29-2023"]
[Site "Chess.com"]
[Date "2023.08.29"]
[Round "9"]
[White "Kacparov"]
[Black "Mops_2004"]
[Result "1-0"]
[WhiteElo "2922"]
[BlackElo "2779"]
[TimeControl "180+1"]
[EndTime "15:43:44 PDT"]
[Termination "Kacparov won on time"]

1. e4 c6 2. d4 d5 3. Nc3 dxe4 4. Nxe4 Nf6 5. Nxf6+ exf6 6. c3 Bd6 7. Bd3 Na6 8. Ne2 Nc7 9. Qc2 h5 10. Bf4 Nd5 11. Bxd6 Qxd6 12. Ng3 Kf8 13. Ne4 Qc7 14. O-O g6 15. Rfe1 Kg7 16. Qd2 Bf5 17. Nc5 Bxd3 18. Nxd3 Rhe8 19. h3 Rad8 20. a3 b5 21. Re2 a5 22. Rae1 Rxe2 23. Qxe2 a4 24. Nc5 Qf4 25. g3 Qf5 26. h4 Qg4 27. Qxg4 hxg4 28. Nd3 f5 29.
Kf1 f6 30. Re6 Rc8 31. Rd6 Rc7 32. Nb4 Nxb4 33. axb4 Kf7 34. Rd8 Ke7 35. Rg8 Kf7 36. Ra8 Ke6 37. Ke2 g5 38. h5 f4 39. Kd3 Kf5 40. Rh8 Re7 41. h6 Kg6 42. Rc8 f3 43.
Rxc6 Re2 44. d5 Rxf2 45. d6 Rf1 46. Ke3 Rd1 47. Rb6 Kxh6 48. Rxb5 Rxd6 49. Ra5 Re6+ 50.
Kf2 Re2+ 51. Kf1 Rxb2 52. Rxa4 f5 53. Ra6+ Kh5 54. Ra8 f4 55. Rh8+ Kg6 56. Rg8+ Kh6 57. gxf4 g3 58. Ke1 1-0

[Event "Late-Titled-Tuesday-Blitz-August-29-2023"]
[Site "Chess.com"]
[Date "2023.08.29"]
[Round "9"]
[White "Djager97"]
[Black "rachidhuilda"]
[Result "0-1"]
[WhiteElo "2553"]
[BlackElo "2366"]
[TimeControl "180+1"]
[EndTime "15:43:45 PDT"]
[Termination "rachidhuilda won on time"]

1. e4 d5 2. exd5 Qxd5 3. Nc3 Qa5 4. d4 c6 5. Nf3 Nf6 6. Bc4 Bf5 7. Bd2 e6 8. Nd5 Qd8 9. Nxf6+ gxf6 10. O-O Nd7 11. a4 Qc7 12. a5 Bd6 13. b4 Bg4 14. h3 Bh5 15. Be2 O-O 16. Bh6 Rfe8 17. Qd2 Kh8 18. c4 Rg8 19. c5 Be7 20. Bf4 Qd8 21. a6 b6 22. cxb6 Nxb6 23. Bg3 Nd5 24. Rab1 Bg6 25.
Rb2 Bd6 26. Bxd6 Qxd6 27. Qc1 Be4 28. Qc5 Qxc5 29. bxc5 Nf4 30. Ne1 Rab8 31. Rxb8 Nxe2+ 32. Kh2 Rxb8 33. f3 Bd5 34. Rf2 Nxd4 35. Nd3 Rb3 36.
Nf4 Rb5 37. Rd2 Nb3 38. Rb2 Nxc5 39. Rc2 Nxa6 40. Rc1 Nc7 41. Nh5 f5 42. Nf6 Kg7 43.
Nd7 Rb2 44. Kg3 a5 45. Ra1 Rb5 46. Ne5 Kf6 47. Nd3 Na6 48. Nf4 Nb4 49. Nh5+ Ke7 50. Nf4 Nc2 51. Rc1 Nd4 52. Nd3 Kd6 53. Ra1 Rb3 54.
Nf4 Rb5 55. Nh5 Bb3 56. Nf6 a4 57. Nxh7 c5 58. Ng5 c4 59. Nxf7+ Ke7 60. Ng5 c3 61. h4 Kf6 62. Kf2 c2 63. Nh3 Bc4 0-1

[Event "Late-Titled-Tuesday-Blitz-August-29-2023"]
[Site "Chess.com"]
[Date "2023.08.29"]
[Round "9"]
[White "Mariia89"]
[Black "Defenstrator"]
[Result "0-1"]
[WhiteElo "1956"]
[BlackElo "2265"]
[TimeControl "180+1"]
[EndTime "15:43:45 PDT"]
[Termination "Defenstrator won on time"]

1. d4 f6 2. c4 Kf7 3. Nc3 Ke6 4. e4 Kf7 5. Nf3 Ke8 6. Bd3 d6 7. h3 e5 8. Bc2 Nc6 9. Be3 g6 10. a3 Bh6 11. Bxh6 Nxh6 12. b4 f5 13. b5 exd4 14.
Nxd4 Ne5 15. Qe2 Qg5 16. Nd5 Qxg2 17. O-O-O Qg5+ 18. Kb1 Qd8 19. exf5 Kf8 20. fxg6 hxg6 21. f4 Nef7 22. Bxg6 c6 23. Nc3 Qf6 24. Bc2 c5 25. Nf3 Qxc3 26. Rd3 Qxc4 27. Re1 Bf5 28. Qe7+ Kg7 29.
Rg1+ Bg6 30. Qe3 Qxb5+ 31. Ka2 Qc4+ 32. Kb2 Kh7 33. Rc3 Qb5+ 34. Rb3 Qxb3+ 35. Bxb3 Rhg8 36. Qe6 Rae8 37. Qf6 Re2+ 38. Kc3 Re3+ 39. Kb2 Rxf3 40. Bxf7 Bxf7 41. Qf5+ Bg6 42. Qd7+ Rg7 43. Qxd6 Nf5 44. Qxc5 Ne3 45. Re1 Rf2+ 46. Kb3 Nc2 47. Rc1 Rf3+ 48. Kb2 Ne3 0-1

[Event "Late-Titled-Tuesday-Blitz-August-29-2023"]
[Site "Chess.com"]
[Date "2023.08.29"]
[Round "9"]
[White "AndreiITrifan"]
[Black "Matibar"]
[Result "1/2-1/2"]
[WhiteElo "2593"]
[BlackElo "2816"]
[TimeControl "180+1"]
[EndTime "15:43:46 PDT"]
[Termination "Game drawn - insufficient material"]

1. Nf3 Nf6 2. b3 g6 3. Bb2 Bg7 4. e3 O-O 5. Be2 d6 6. d4 a5 7.
a3 a4 8. b4 d5 9. Nbd2 c6 10.
c4 Bf5 11. O-O Nbd7 12. h3 h6 13. Rc1 g5 14. Nb1 Ne4 15. Nfd2 Nxd2 16. Qxd2 dxc4 17.
Bxc4 Nb6 18. Bd3 Bxd3 19. Qxd3 e5 20. Rfd1 exd4 21. Bxd4 Bxd4 22. Qxd4 Qxd4 23. Rxd4 Rfd8 24. Rcd1 Rxd4 25. Rxd4 Kf8 26. Nc3 Ke7 27. b5 c5 28.
Re4+ Kd6 29. g4 Nd5 30. Nd1 Ra5 31. Nb2 Rxb5 32. Nxa4 Rb1+ 33. Kg2 b5 34. Nxc5 Kxc5 35. Re5 Kd6 36. Re8 Rb2 37. Kf3 Ra2 38. Rh8 Rxa3 39. Rxh6+ f6 40. h4 gxh4 41. g5 Ke6 42. gxf6 Nxf6 43.
Rxh4 Nd5 44. Rd4 b4 45. Ke4 Nf6+ 46. Kf3 Rb3 47. Ke2 Rb2+ 48. Kd3 Nd5 49. Kc4 Rc2+ 50. Kb3 Rc3+ 51. Kb2 Rc8 52. f4 Rb8 53. Kb3 Rb5 54. e4 Nxf4 55. Rxb4 Ra5 56. Ra4 Rc5 57. Rc4 Re5 58. Rc6+ Kd7 59. Rc4 Ne6 60. Kc3 Kd6 61.
Ra4 Rb5 62. Ra6+ Ke5 63. Ra4 Nc5 64. Kc4 Nxa4 65. Kxb5 Nc3+ 66. Ka6 Nxe4 1/2-1/2

[Event "Late-Titled-Tuesday-Blitz-August-29-2023"]
[Site "Chess.com"]
[Date "2023.08.29"]
[Round "9"]
[White "newyorkmouse"]
[Black "Sajkochess"]
[Result "0-1"]
[WhiteElo "2457"]
[BlackElo "2423"]
[TimeControl "180+1"]
[EndTime "15:43:47 PDT"]
[Termination "Sajkochess won by checkmate"]

1. d4 Nf6 2. Nc3 d5 3. Bf4 c6 4. e3 Bf5 5. Nf3 Nbd7 6. Ne5 Nxe5 7. dxe5 Ne4 8. Nxe4 Bxe4 9. e6 fxe6 10. Be2 Qb6 11. Be5 O-O-O 12. Bg4 Bf5 13. Qf3 Qb4+ 14. c3 Qxg4 15. Qxg4 Bxg4 16. e4 dxe4 17. h3 Bh5 18. g4 Bf7 19. h4 Rg8 20. h5 g6 21. h6 g5 22. Ke2 Rg6 23. Ke3 Bxh6 24. Kxe4 Bg7 25.
Rxh7 Bxe5 26. Kxe5 Rf6 27. Rg7 Bg6 28. Rxe7 Rf7 29.
Rxf7 Bxf7 30. Kf6 Bg8 31. Kxg5 e5 32. Rh1 Bxa2 33. Ra1 Bd5 34. Rxa7 Kb8 35. Ra1 Rf8 36. Re1 e4 37. Re2 Kc7 38. Kh6 Kd6 39. g5 Ke5 40.
g6 Kf6 41. g7 Rg8 42. c4 Rxg7 43. cxd5 cxd5 44. Rd2 Rg8 45. Kh5 Ke5 46. Kh4 d4 47. Kh3 d3 48. f3 Kd4 49. fxe4 Kxe4 50. Rd1 Ke3 51. Re1+ Kd2 52. Re7 Kc2 53. Rc7+ Kxb2 54. Rxb7+ Kc1 55. Rc7+ Kd1 56. Kh2 d2 57. Kh3 Re8 58. Kg2 Ke1 59. Rc8 Rxc8 60. Kf3 d1=Q+ 61. Kg2 Qd2+ 62. Kg3 Rg8+ 63. Kf3 Qf2+ 64. Ke4 Re8+ 65. Kd3 Qd2+ 66. Kc4 Rc8+ 67. Kb3 Qc2+ 68. Ka3 Ra8+ 69. Kb4 Rb8+ 70. Ka3 Qb3# 0-1

[Event "Late-Titled-Tuesday-Blitz-August-29-2023"]
[Site "Chess.com"]
[Date "2023.08.29"]
[Round "9"]
[White "ural58"]
[Black "FredddieCroderg"]
[Result "1-0"]
[WhiteElo "2510"]
[BlackElo "2309"]
[TimeControl "180+1"]
[EndTime "15:43:47 PDT"]
[Termination "ural58 won by checkmate"]

1. e4 c6 2. Nc3 d5 3. Nf3 Bg4 4. h3 Bh5 5. exd5 cxd5 6. g4 Bg6 7. Ne5 Nc6 8. d4 e6 9. h4 f6 10. Nxg6 hxg6 11. Bd3 f5 12. Bg5 Be7 13. Bxe7 Qxe7 14. Qd2 Rxh4 15. O-O-O Rxg4 16. f3 Rxd4 17. Qg2 g5 18. Nb5 Rh4 19. Rxh4 gxh4 20. Qg6+ Kd7 21. Bxf5 Nf6 22. Bh3 a6 23. Nc3 Kc7 24. Qg5 Rc8 25. Qxh4 Kb8 26. Qg3+ Ka8 27. Nxd5 Nxd5 28. Rxd5 exd5 29.
Bxc8 Qe3+ 30. Kd1 Nd4 31. Qg2 Nxf3 32. c3 Qe1+ 33. Kc2 Qe4+ 34. Kd1 Qb1+ 35. Ke2 Qe4+ 36. Kf2 Nd2 37. Qxg7 d4 38. Qxd4 Qf3+ 39. Ke1 Ne4 40. Bd7 Qh1+ 41. Ke2 Qg2+ 42. Kd3 Nf2+ 43. Kc4 Qg8+ 44.
Qd5 Qd8 45. Be6 Qc7+ 46. Kb3 Qb6+ 47. Kc2 Qc7 48. b4 Nh3 49. Bxh3 Qh2+ 50. Qg2 Qc7 51.
Qd2 Ka7 52. Kb2 Qb6 53. Qd4 Qxd4 54. cxd4 Kb6 55. Kb3 Kb5 56. Bg2 a5 57. Bxb7 a4+ 58. Ka3 Kb6 59. Kxa4 Kc7 60. d5 Kd7 61. Ka5 Kd6 62.
Bc6 Kc7 63. Ka6 Kb8 64. b5 Kc8 65. Kb6 Kb8 66. Kc5 Kc8 67. a4 Kb8 68. a5 Kc8 69.
a6 Kb8 70. b6 Kc8 71. d6 Kb8 72. a7+ Kc8 73. a8=Q# 1-0

[Event "Late-Titled-Tuesday-Blitz-August-29-2023"]
[Site "Chess.com"]
[Date "2023.08.29"]
[Round "9"]
[White "Jospem"]
[Black "enriquetejedor"]
[Result "0-1"]
[WhiteElo "3022"]
[BlackElo "2756"]
[TimeControl "180+1"]
[EndTime "15:43:50 PDT"]
[Termination "enriquetejedor won by checkmate"]

1. a3 e5 2. c4 c6 3. d3 d5 4. Nf3 dxc4 5. Nc3 cxd3 6. Nxe5 Be6 7. Nxd3 Nf6 8. e4 Nbd7 9. Nf4 Bc5 10. Be2 Qe7 11. O-O O-O 12. Qc2 Bg4 13. Kh1 Bxe2 14. Qxe2 Rad8 15. f3 Ne5 16. Be3 Bxe3 17. Qxe3 Nc4 18.
Qe2 b5 19. Rad1 Nd7 20. Nd3 a5 21. a4 b4 22. Na2 Ncb6 23. b3 c5 24. Nb2 Qf6 25.
f4 Qe6 26. Nc1 Nf6 27. e5 Nfd5 28. f5 Qh6 29. e6 fxe6 30. fxe6 Rfe8 31. Rde1 Nf4 32. Qg4 Nbd5 33. Nc4 Rxe6 34. Rxe6 Qxe6 35. Qxe6+ Nxe6 36. Nxa5 Ne3 37. Re1 Rd2 38. h3 Nc2 39. Rxe6 Rd1+ 40. Kh2 Rxc1 41. Nc6 Na1 42. a5 Nxb3 43.
a6 Ra1 44. a7 Kf7 45. Rd6 Nd4 46. Rd7+ Ke6 47. Nb8 b3 48. Rb7 Kd5 49. Rb6 Rxa7 50. Na6 Kc4 51. Nb8 Rc7 52. Na6 Rc6 53. Rxb3 Kxb3 54.
Nb8 Rb6 55. Nd7 Rb5 56. Ne5 c4 57. Ng4 c3 58. Nf2 c2 59. Nd3 Kc3 60. Nf4 Rb1 61. Kg3 c1=Q 62. Nd5+ Kc4 63. Nf4 Qe3+ 64. Kg4 Rb4 65.
g3 h5+ 66. Kxh5 Qxg3 67. Ng6 Qxh3+ 68. Kg5 Ne6# 0-1

[Event "Late-Titled-Tuesday-Blitz-August-29-2023"]
[Site "Chess.com"]
[Date "2023.08.29"]
[Round "9"]
[White "Kleyton_Lima"]
[Black "viktorskliarov"]
[Result "1/2-1/2"]
[WhiteElo "2549"]
[BlackElo "2693"]
[TimeControl "180+1"]
[EndTime "15:43:50 PDT"]
[Termination "Game drawn by repetition"]

1. e4 c5 2. Nf3 Nc6 3. d4 cxd4 4. Nxd4 Nf6 5. Nc3 e5 6. Ndb5 d6 7. Bg5 a6 8. Na3 b5 9. Nab1 Be7 10. Bxf6 Bxf6 11.
a4 b4 12. Nd5 O-O 13. Bc4 Bg5 14.
O-O a5 15. Qd3 Be6 16. c3 bxc3 17. Nbxc3 Rb8 18. Nb5 Kh8 19. Rfd1 f5 20. f3 fxe4 21. Qxe4 Bf5 22. Qe2 Bg6 23. Kh1 Rb7 24. Re1 Nd4 25. Nxd4 exd4 26. Rad1 Bf6 27. b3 Re8 28. Qf2 Rb8 29.
Rxe8+ Bxe8 30. Nxf6 Qxf6 31. Qxd4 Qxd4 32. Rxd4 Bxa4 33.
Rxd6 g6 34. Rd3 Bb5 35. h4 Bxc4 36. bxc4 Rb1+ 37. Kh2 Rc1 38. Rd4 a4 39. Kg3 a3 40.
Rd8+ Kg7 41. Ra8 Rxc4 42. Rxa3 h5 43. Ra6 Rb4 44. Re6 Rc4 45. Re3 Rb4 46. Kh3 Ra4 47. Rb3 Rc4 48. Rb7+ Kf6 49. Rb6+ Kf7 50. Rb3 Ra4 51.
g3 Rc4 52. Re3 Ra4 53. g4 hxg4+ 54. fxg4 Rb4 55. Kg3 Ra4 56. Kf3 Rb4 57. Re4 Rb3+ 58. Kf4 Rb5 59. Re5 Rb7 60. Kg5 Kg7 61. Rc5 Ra7 62. Rb5 Rc7 63. Rb4 Rc5+ 64. Kf4 Ra5 65. Rb7+ Kg8 66. Re7 Rb5 67. Re5 Rb7 68. Kg5 Kg7 69.
Rc5 Ra7 70. Rc4 Ra5+ 71. Kf4 Ra7 72. Rb4 Ra5 73. Rb7+ Kg8 74. g5 Ra4+ 75. Ke5 Rxh4 76. Kf6 Ra4 77. Rb8+ Kh7 78. Rb7+ Kg8 79. Kxg6 Ra6+ 80.
Kh5 Rc6 81. g6 Rc1 82. Rb8+ Kg7 83. Rb7+ Kg8 84. Rb8+ Kg7 85. Rb7+ Kg8 1/2-1/2

[Event "Late-Titled-Tuesday-Blitz-August-29-2023"]
[Site "Chess.com"]
[Date "2023.08.29"]
[Round "9"]
[White "Byniolus"]
[Black "lefonghua"]
[Result "1/2-1/2"]
[WhiteElo "2867"]
[BlackElo "2669"]
[TimeControl "180+1"]
[EndTime "15:43:56 PDT"]
[Termination "Game drawn by stalemate"]

1. d4 Nf6 2. Nf3 g6 3. Bf4 Bg7 4. e3 O-O 5. Be2 d6 6. h3 Nbd7 7. O-O c5 8. c3 b6 9. a4 a6 10.
Nbd2 Bb7 11. Bh2 Qc7 12. Bd3 Bc6 13. e4 e5 14. dxe5 Nxe5 15. Nxe5 dxe5 16. Qe2 b5 17. axb5 axb5 18. Bxb5 Bxb5 19. Qxb5 Rab8 20. Qa4 Rxb2 21. Nc4 Re2 22. f3 Qd7 23. Bxe5 Qxa4 24. Rxa4 Rc2 25. Rd1 Nh5 26. Ne3 Re2 27. Bxg7 Kxg7 28. Nd5 Rb8 29.
Kh2 Rbb2 30. Rg1 Rbc2 31. h4 Nf6 32. Nxf6 Kxf6 33. Rc4 Re3 34. Rxc5 Rexc3 35. Rxc3 Rxc3 36. Ra1 h5 37. Ra2 Rb3 38. Kg3 Rc3 39. Kf4 Rc5 40.
Ra6+ Kg7 41. Ra7 Rc2 42. g3 Rf2 43. e5 Re2 44. Rb7 Re1 45. Rc7 Re2 46. g4 hxg4 47.
fxg4 Re1 48. Rc4 Rf1+ 49. Kg5 Re1 50. Rc5 Re2 51. Rb5 Re1 52. Ra5 Re2 53. Kf4 Re1 54. Ra7 Rf1+ 55. Kg3 Re1 56. Kf4 Rf1+ 57. Kg5 Re1 58.
Ra5 Rf1 59. h5 gxh5 60. Kxh5 Rh1+ 61. Kg5 Re1 62. Rb5 Rxe5+ 63. Rxe5 f6+ 64. Kf5 fxe5 65.
Kxe5 Kg6 66. Kf4 Kf6 67. g5+ Kg6 68. Kg4 Kg7 69. Kh5 Kh7 70. g6+ Kg7 71. Kg5 Kg8 72. Kh6 Kh8 73. Kg5 Kg7 74. Kf5 Kg8 75. Kf6 Kf8 76. Kg5 Kg7 77. Kh5 Kg8 78. Kh6 Kh8 79. g7+ Kg8 80. Kg6 1/2-1/2

[Event "Late-Titled-Tuesday-Blitz-August-29-2023"]
[Site "Chess.com"]
[Date "2023.08.29"]
[Round "9"]
[White "Goryachkina"]
[Black "scandalgod"]
[Result "1-0"]
[WhiteElo "2649"]
[BlackElo "2497"]
[TimeControl "180+1"]
[EndTime "15:43:59 PDT"]
[Termination "Goryachkina won on time"]

1. e4 e5 2. Nf3 Nc6 3. Bc4 Nf6 4. d3 Be7 5. O-O O-O 6. a3 d6 7. Nc3 Bg4 8. h3 Bh5 9. Be3 Qd7 10. Nd5 Rae8 11. c3 Bd8 12. Kh1 Nxd5 13. Bxd5 Kh8 14. g4 Bg6 15. Rg1 Qc8 16. Nh2 f6 17. Nf1 Bf7 18. Bxf7 Rxf7 19. Ng3 Ne7 20. Qf3 Ref8 21.
Nf5 Ng8 22. h4 g6 23. Nh6 Nxh6 24. Bxh6 Rg8 25. Bd2 Qe6 26. h5 gxh5 27. gxh5 Rfg7 28. Rxg7 Rxg7 29. Rg1 Rxg1+ 30. Kxg1 Be7 31. Kf1 Bf8 32. Ke2 c6 33. c4 a6 34. a4 Kg7 35. h6+ Kf7 36.
Qh5+ Kg8 37. b3 Qf7 38. Qg4+ Qg6 39. Qe6+ Qf7 40. Qc8 Qe7 41. Kd1 Kf7 42. Kc2 Kg8 43. f4 Qf7 44. f5 Qe7 45. b4 Kf7 46. Kb2 Kg8 47. b5 axb5 48. axb5 cxb5 49. cxb5 Qf7 50.
Bb4 Qe7 51. b6 Kf7 52. Qc7 Kg8 53. Kb3 Kf7 54. Kc4 Ke8 55. Qc8+ Kf7 56. Kd5 Bxh6 57. Bxd6 Qe8 58. Qxb7+ Kg8 59. Qc6 Qf7+ 60. Kc5 Be3+ 61. Kb5 1-0

[Event "Late-Titled-Tuesday-Blitz-August-29-2023"]
[Site "Chess.com"]
[Date "2023.08.29"]
[Round "9"]
[White "Leo_C"]
[Black "colegiodemadrid"]
[Result "1-0"]
[WhiteElo "2567"]
[BlackElo "2451"]
[TimeControl "180+1"]
[EndTime "15:44:02 PDT"]
[Termination "Leo_C won by checkmate"]

1. d4 Nf6 2. Bf4 g6 3. e3 Bg7 4. Nf3 O-O 5. Be2 d6 6. h3 c5 7.
c3 Be6 8. O-O Qb6 9. Qc2 Nc6 10.
Nbd2 Rfc8 11. Qb1 cxd4 12. exd4 Nh5 13. Be3 Qc7 14. Ng5 Bf5 15. Qd1 Nf6 16. Qb3 d5 17.
Rfe1 h6 18. Ngf3 Na5 19. Qa4 a6 20. Ne5 b5 21. Qd1 Nc4 22. Ndxc4 bxc4 23. Qc1 h5 24. g4 hxg4 25. hxg4 Be6 26. Bh6 Nd7 27. Bxg7 Kxg7 28.
f4 Nxe5 29. fxe5 Rh8 30. Kg2 Qd7 31. Qf4 Rab8 32. Rh1 Qa4 33. Rxh8 Rxh8 34. Bd1 Qb5 35. Rb1 Rh7 36. Qg5 Qe8 37. b4 f6 38. exf6+ exf6 39. Qf4 Bf7 40. Bf3 Qa4 41. Qd2 Qd7 42. Qf4 g5 43.
Qg3 Rh4 44. Rh1 Rxh1 45. Kxh1 Qa4 46. Qc7 Kg6 47. Qc8 Qxa2 48. Qf5+ Kg7 49. Bxd5 Qa1+ 50. Kh2 Qb2+ 51. Kh1 Qc1+ 52. Kh2 Qd2+ 53. Kh1 Qe1+ 54. Kh2 Bg6 55. Qd7+ Kh6 56. Qd6 Qf2+ 57. Kh1 Qf1+ 58. Kh2 Qf2+ 59. Kh1 Qh4+ 60. Kg1 Qxg4+ 61. Kf2 Qh4+ 62.
Kg2 Qg4+ 63. Kf2 Qd1 64. Qxf6 Qd2+ 65. Kg1 Qe3+ 66. Kg2 Qxc3 67. Qf8+ Kh5 68. Qh8+ Kg4 69. Be6+ Kf4 70. Qe5# 1-0

[Event "Late-Titled-Tuesday-Blitz-August-29-2023"]
[Site "Chess.com"]
[Date "2023.08.29"]
[Round "9"]
[White "OparinGrigoriy"]
[Black "IlanSchnaider"]
[Result "1-0"]
[WhiteElo "2980"]
[BlackElo "2727"]
[TimeControl "180+1"]
[EndTime "15:44:03 PDT"]
[Termination "OparinGrigoriy won on time"]

1. d4 Nf6 2. c4 g6 3. Nc3 d5 4.
cxd5 Nxd5 5. e4 Nxc3 6. bxc3 Bg7 7. Bc4 c5 8. Ne2 O-O 9. O-O Nc6 10. Be3 b6 11. Rb1 Qc7 12. Bd3 e6 13. Bf4 e5 14.
Bg3 Rd8 15. d5 Ne7 16. c4 f5 17. f3 f4 18. Bh4 h6 19. Bxe7 Qxe7 20. a4 g5 21. Nc3 h5 22. Be2 Ba6 23. a5 Rd6 24. Qa4 Rg6 25. h3 Rb8 26. axb6 Rbxb6 27. Rxb6 Rxb6 28. Ra1 Bf8 29. Nb5 Qb7 30. Qc2 Bd6 31. Nxd6 Rxd6 32. Qc3 Qe7 33. Ra5 Rb6 34. Kh2 Bc8 35.
Qa3 g4 36. Qxc5 g3+ 37. Kg1 Rb1+ 38. Bf1 Qb7 39. Rb5 Rxb5 40. cxb5 Qb6 41. Qxb6 axb6 42.
Bc4 Kf8 43. d6 Ke8 44. h4 Kd7 45. Bf7 Kxd6 46. Bxh5 Bd7 47. Kf1 Bxb5+ 48. Ke1 Bc4 49. Bg4 Ke7 50. Kd2 b5 51. Kc3 Bf1 52. Bh3 Kf6 53. Kb4 Kg6 54. Kc5 Kh5 55. Kb4 Kxh4 56.
Kc5 Be2 57. Bd7 Bf1 58. Bh3 Kg5 59.
Kb4 Kf6 60. Kc5 Ke7 61. Kd5 b4 62. Kxe5 b3 63. Be6 b2 64. Ba2 Bd3 65. Kxf4 Bc2 66.
Kxg3 Kd6 67. Kf4 Kc5 68. e5 Kb4 69. e6 Ka3 70. e7 Ba4 71. Bb1 Be8 72. g4 Kb3 73.
Ke5 Kc3 74. g5 Kd2 75. g6 Kc1 76. Be4 Bc6 77. g7 Bxe4 78. g8=Q b1=Q 79. Qg1+ Kd2 80.
Qxb1 Bc6 81. Qb4+ 1-0